AoeStats
← Stanko2026

Arabia

510525033Analyzed
2v2 RM · 1d ago on Oct 1, 2026· 34m 2s· 4 players
Game mode
Random Map
Map size
Medium (4 player)
Population
200
Speed
Normal
Resources
Standard
Victory
Conquest
Starting age
Dark Age
Ending age
Imperial Age
RankedLock teamsTeams togetherTeam positionsShared explorationLock speedFull tech treeHidden civsTurbo modeCheats
Victory
Defeat
🇳🇱 Inca · Netherlands
902
+15
🇵🇾 Portuguese · Paraguay
881
+16
🇩🇪 Ethiopians · Germany
1000
-64
🇩🇪 Aztecs · Germany
777
-29
seu madruga
9:53 Feudal Age
10:26 Double-Bit Axe
20:49 Castle Age
20:40 Stone Mining
20:42 Gold Mining
20:33 Horse Collar
22:12 Heavy Plow
23:31 Husbandry
23:43 Bloodlines
25:05 Forging
29:22 Bow Saw
31:10 Scale Barding Armor
32:37 Chain Barding Armor
33:12 Iron Casting
bbastian
7:03 Loom
10:54 Feudal Age
11:47 Champi Runner
12:16 Arson
15:41 Town Watch
17:34 Forging
17:25 Scale Mail Armor
23:50 Castle Age
22:29 Double-Bit Axe
24:20 Champi Warrior
25:01 Squires
25:38 Iron Casting
25:33 Chain Mail Armor
27:00 Wheelbarrow
26:04 Pikeman
26:38 Fletching
30:45 Andean Sling
31:40 Town Patrol
33:09 Hand Cart
Leijf14
0:41 Loom
12:09 Feudal Age
12:32 Horse Collar
12:39 Double-Bit Axe
15:13 Wheelbarrow
17:32 Scale Mail Armor
30:36 Castle Age
30:42 Stone Mining
30:44 Gold Mining
31:25 Heavy Plow
31:36 Bow Saw
31:56 Hand Cart
31:06 Crossbowman
31:06 Elite Skirmisher
32:25 Gold Shaft Mining
32:25 Stone Shaft Mining
31:44 Gambesons
32:00 Squires
31:45 Arson
31:21 Pikeman
33:27 Pikeman
33:53 Pikeman
Stanko2026
0:26 Loom
12:23 Feudal Age
12:48 Double-Bit Axe
12:44 Horse Collar
13:03 Gold Mining
16:11 Stone Mining
18:02 Man-at-Arms
24:14 Castle Age
25:05 Bow Saw
24:57 Heavy Plow
25:34 Stone Shaft Mining
25:34 Gold Shaft Mining
25:35 Light Cavalry
27:43 Husbandry
Connection lost

Rejoining the realm…

Still unreachable

The connection could not be restored.

Session expired

The server has moved on; the page needs a fresh start.